 Dungeon Crawl Stone Soup version 0.20.0-8-g6b59dc7 (webtiles) character file.

34 IcySystem the Chiller (level 3, -3/21 HPs)
             Began as an Octopode Ice Elementalist on May 29, 2017.
             Slain by Natasha (5 damage)
             ... on level 2 of the Dungeon.
             The game lasted 00:03:39 (1119 turns).

IcySystem the Chiller (Octopode Ice Elementalist)   Turns: 1119, Time: 00:03:39

Health: -3/21      AC:  6    Str:  7    XL:     3   Next: 31%
Magic:  2/6        EV: 13    Int: 17    God:
Gold:   34         SH:  0    Dex: 13    Spells: 3/7 levels left

rFire    . . .     SeeInvis .   c - +0 short sword
rCold    . . .     Gourm    .   (no shield)
rNeg     . . .     Faith    .   (helmet restricted)
rPois    .         Spirit   .   (no amulet)
rElec    .         Reflect  .   (no ring)
rCorr    .         Harm     .   (no ring)
MR       .....                  (no ring)
Stlth    +++.......             (no ring)
Regen    0.1/turn               (no ring)
MPRegen  0.1/turn               (no ring)
                                (no ring)
                                (no ring)

@: icy armour, slow
A: almost no armour, stealthy swim, amphibious, 8 rings, constrict 8, camouflage
1, gelatinous body 1
a: no special abilities


You were on level 2 of the Dungeon.
You were not hungry.

You visited 1 branch of the dungeon, and saw 2 of its levels.

You collected 34 gold pieces.

Inventory:

Hand Weapons
 c - a +0 short sword (weapon)
Missiles
 j - 11 tomahawks (quivered)
Scrolls
 e - 2 scrolls of identify {unknown}
 h - a scroll of magic mapping {unknown}
 i - a scroll of immolation {unknown}
 k - a scroll of amnesia {unknown}
 l - a scroll of blinking {unknown}
Potions
 f - a potion of ambrosia {unknown}
Books
 a - a book of Frost

   Spells                             Type                      Level
   a - Freeze                         Ice                          1
   b - Throw Frost                    Conjuration/Ice              2
   c - Ozocubu's Armour               Charms/Ice                   3
   d - Throw Icicle                   Conjuration/Ice              4
   e - Summon Ice Beast               Ice/Summoning                4
Comestibles
 b - a bread ration
 g - a meat ration


   Skills:
 - Level 2.0 Dodging
 - Level 2.6 Stealth
 + Level 2.6 Spellcasting
   Level 1.0 Conjurations
 + Level 3.8 Ice Magic


You had 3 spell levels left.
You knew the following spells:

 Your Spells              Type           Power        Failure   Level  Hunger
a - Freeze                Ice            ###.         3%          1    #......
b - Ozocubu's Armour      Chrm/Ice       #.......     24%         3    ###....


Dungeon Overview and Level Annotations

Branches:
Dungeon (2/15)

Altars:
Nemelex Xobeh

Annotations:
D:2 Natasha


Innate Abilities, Weirdness & Mutations

You cannot wear most types of armour.
You are very stealthy in the water. (Stealth+)
You are amphibious.
You can wear up to eight rings at the same time.
You can use your tentacles to constrict eight enemies at once.
Your skin changes colour to match your surroundings (Stealth+).
Your rubbery body absorbs attacks. (AC +1, EV +1)


Message History

Natasha is severely wounded.
You constrict Natasha, but do no damage.
Natasha drinks a potion.
Natasha is healed!
Natasha claws you!
You hit Natasha.
Natasha is moderately wounded.
You constrict Natasha.
Natasha howls an incantation.
Natasha's front paws start to glow.
Natasha claws you!
* * * LOW HITPOINT WARNING * * *
Casting: Ozocubu's Armour
Confirm with . or Enter, or press ? or * to list all spells.
Aiming: Freeze
Press: ? - help, Shift-Dir - straight line, f - Natasha
Aim: Natasha (moderately wounded, constricted by you)
You freeze Natasha.
Natasha is heavily wounded.
You constrict Natasha, but do no damage.
Natasha claws you.
You die...

#.##.##...##.##.#
#.#...#####...#.#
#...⌠.......⌠...#
###...#####...#.#
##.## ##.##.# ## #.#
#.##.###.P #.#
#.##.##PPP #.#
#.##.##.P≈ #@#
##.##....≈≈
#.h.#####...###.)P≈
#..⌠.......⌠..##...P
##...#####...##..#P.
##.## ##.##.....P
### #........#
#.<......#
#........#
#........#


You could see Natasha.

Vanquished Creatures
  2 dart slugs (D:1)
  3 goblins (D:1)
  4 hobgoblins
  4 jackals (D:1)
  4 kobolds (D:1)
  6 bats
  A frilled lizard (D:1)
  5 rats (D:1)
29 creatures vanquished.

Notes
Turn   | Place    | Note
-------+----------+-------------------------------------------
     0 | D:1      | IcySystem the Octopode Ice Elementalist began the quest for the Orb.
     0 | D:1      | Reached XP level 1. HP: 11/11 MP: 3/3
   230 | D:1      | Reached XP level 2. HP: 15/17 MP: 1/5
   743 | D:1      | Reached XP level 3. HP: 16/21 MP: 1/6
  1004 | D:1      | Found a sparkling altar of Nemelex Xobeh.
  1042 | D:2      | Noticed Natasha
  1053 | D:2      | Learned a level 3 spell: Ozocubu's Armour
  1119 | D:2      | Slain by Natasha

Action                   || total
-------------------------++-------
Melee: Short sword       ||    43
       Constrict         ||    14
       Unarmed           ||     2
       Tentacles         ||     7
 Cast: Freeze            ||    26
       Ozocubu's Armour  ||     2
 Stab: Sleeping          ||     3
  Eat: Chunk             ||     1
Armor: Skin              ||     8
Dodge: Dodged            ||    61
